 Dungeon Crawl Stone Soup version 0.21.1-1-g345015f (webtiles) character file.

195 MovingMist the Covered (level 5, -3/33 HPs)
             Began as a Gargoyle Fighter on Mar 4, 2018.
             Slain by an ogre
             ... wielding a +0 giant club
              (6 damage)
             ... on level 4 of the Dungeon.
             The game lasted 00:05:26 (3176 turns).

MovingMist the Covered (Gargoyle Fighter)           Turns: 3176, Time: 00:05:27

Health: -3/33      AC: 14    Str: 20    XL:     5   Next: 74%
Magic:  5/5        EV:  6    Int:  8    God:
Gold:   193        SH:  9    Dex: 10    Spells: 4/4 levels left

rFire    . . .     SeeInvis .   n - +4 whip
rCold    . . .     Gourm    .   c - +0 shield
rNeg     + . .     Faith    .   k - +0 chain mail
rPois    ∞         Spirit   .   (no helmet)
rElec    +         Reflect  .   g - +0 cloak
rCorr    .         Harm     .   (no gloves)
MR       .....                  (no boots)
Stlth    ..........             (no amulet)
HPRegen  0.11/turn              (no ring)
MPRegen  0.09/turn              (no ring)

@: no status effects
A: negative energy resistance 1, electricity resistance, unbreathing,
petrification resistance, rot immunity, AC +4
a: no special abilities


You were on level 4 of the Dungeon.
You were hungry.

You visited 1 branch of the dungeon, and saw 4 of its levels.

You collected 193 gold pieces.

Inventory:

Hand Weapons
 a - a +0 flail
 n - a +4 whip (weapon)
Armour
 c - a +0 shield (worn)
 g - a +0 cloak (worn)
 k - a +0 chain mail (worn)
Scrolls
 h - 4 scrolls of identify {unknown}
 j - a scroll of magic mapping {unknown}
 l - 2 scrolls of enchant armour {unknown}
 m - 2 scrolls of teleportation {unknown}
 o - a scroll of amnesia {unknown}
Potions
 b - a potion of heal wounds {unknown}
 d - a potion of might
 e - 2 potions of curing {unknown}
 i - 2 potions of agility {unknown}
 p - 2 potions of flight {unknown}
Comestibles
 f - 6 rations


   Skills:
 + Level 4.1 Fighting
 + Level 3.0 Maces & Flails
 + Level 4.2 Armour
 * Level 2.6 Dodging
 - Level 3.2 Shields


You had 4 spell levels left.
You didn't know any spells.

Dungeon Overview and Level Annotations

Branches:
Dungeon (4/15)
 Temple: D:4-7

Altars:


Innate Abilities, Weirdness & Mutations

You are resistant to torment.
Your stone body is resilient. (AC +4)
You are immune to poison.
You resist negative energy. (rN+)
You are resistant to electric shocks. (rElec)
You can survive without breathing.
You are immune to petrification.
You are immune to rotting.


Message History

The orc hits you but does no damage. You block the orc's attack.
You block the orc priest's attack.
The orc wizard hits you but does no damage.
You block the orc's attack.
You hit the orc priest.
You kill the orc priest!
The orc hits you but does no damage. The orc wizard barely misses you.
You block the orc's attack. x2; The orc barely misses you.
You closely miss the orc wizard.
The orc wizard is moderately wounded.
The orc wizard closely misses you. The ogre hits you with a giant club.
* * * LOW HITPOINT WARNING * * *
The orc barely misses you. The orc completely misses you.
You block the orc's attack.
You hit the orc wizard.
The orc wizard is heavily wounded.
The orc wizard mumbles some strange words.
The orc wizard seems to speed up.
You block the orc's attack. The ogre hits you with a giant club.
You die...

..# ... .. .. # .#
#. o##.# #[##O.#.#
#.#@o.#.# #.#
#.ooo...# #.#
#....##.# ##.##
#.#.###.# ##...##
#.......## .....
#.#......# ...
#.#####<.# #.# #
#..#####.####.
#.#####.............


You could see an ogre, an orc wizard and 4 orcs.

Vanquished Creatures
  An orc priest (D:4)
  4 gnolls (D:2)
  5 adders
  A worm (D:2)
  A dart slug (D:2)
  4 leopard geckos
  2 orcs
  9 bats
  5 giant cockroaches
  7 goblins
  3 hobgoblins
  4 jackals (D:3)
  5 kobolds
  4 quokkas
  2 ball pythons
  6 frilled lizards
  11 rats
74 creatures vanquished.

Notes
Turn   | Place    | Note
-------+----------+-------------------------------------------
     0 | D:1      | MovingMist the Gargoyle Fighter began the quest for the Orb.
     0 | D:1      | Reached XP level 1. HP: 14/14 MP: 1/1
   350 | D:1      | Reached XP level 2. HP: 19/19 MP: 2/2
   638 | D:1      | Reached skill level 1 in Dodging
  1248 | D:2      | Reached XP level 3. HP: 23/23 MP: 3/3
  1400 | D:2      | Reached XP level 4. HP: 17/29 MP: 4/4
  2455 | D:3      | Reached XP level 5. HP: 29/33 MP: 5/5
  2562 | D:3      | Found a glowing drain.
  3162 | D:4      | Noticed an ogre
  3176 | D:4      | Slain by an ogre

Skill      XL: |  1  2  3  4  5 |
---------------+----------------+-----
Dodging        | 1 2 |  2.6
Armour         | 4 |  4.2
Fighting       | 4 |  4.1
Maces & Flails | 3 |  3.0
Shields        | |  3.2

Action                   |  1- 3 |  4- 6 || total
-------------------------+-------+-------++-------
Melee: Flail             |   115 |   100 ||   215
       Whip              |       |    75 ||    75
  Eat: Chunk             |     2 |     5 ||     7
Armor: Scale mail        |    42 |       ||    42
       Chain mail        |    23 |   116 ||   139
Dodge: Dodged            |    33 |    46 ||    79
Block: Shield            |    60 |   108 ||   168
